 Dungeon Crawl Stone Soup version 0.30.0-19-g36f170ea60 (webtiles) character file.

Game seed: 3715484773593681549

5 cdecastro the Vexing (level 1, 0/13 HPs)
             Began as a Vampire Enchanter on May 29, 2023.
             Succumbed to a goblin's poison
             ... on level 1 of the Dungeon.
             The game lasted 00:00:51 (229 turns).

cdecastro the Vexing (Vampire Enchanter)             Turns: 229, Time: 00:00:52

Health: 0/13       AC:  2    Str:  7    XL:     1   Next: 66%
Magic:  3/3        EV: 12    Int: 17    God:
Gold:   45         SH:  0    Dex: 14    Spells: 4/4 levels left

rFire   . . .        a - +1 dagger
rCold   . . .        (no shield)
rNeg    . . .        b - +0 robe
rPois   .            (no helmet)
rElec   .            (no cloak)
rCorr   .            (no gloves)
SInv    +            (no boots)
Will    .....        (no amulet)
Stlth   +++          (no ring)
HPRegen 0.42/turn    (no ring)
MPRegen 0.08/turn

%: no passive effects
@: lethally poisoned (0 -> -13), healing quickly
A: alive, fangs 3, see invisible, vampiric 1
a: Exsanguinate


You were on level 1 of the Dungeon.
You visited 1 branch of the dungeon, and saw 1 of its levels.

You collected 45 gold pieces.

Inventory:

Hand Weapons
 a - a +1 dagger (weapon)
Missiles
 e - 2 javelins (quivered)
Armour
 b - a +0 robe (worn)
Potions
 c - 2 potions of invisibility
 d - 2 potions of mutation {unknown}


   Skills:
 - Level 1.1 Short Blades
 - Level 2.1 Dodging
 + Level 4.6 Stealth
 - Level 2.0 Spellcasting
 * Level 4.8 Hexes


You had 4 spell levels left.
You didn't know any spells.
Your spell library contained the following spells:

 Spells                   Type           Power      Damage    Failure   Level
 Confusing Touch          Hex            18%        N/A       9%          3
 Tukima's Dance           Hex            18%        N/A       9%          3
 Ensorcelled Hibernation  Hex/Ice        18%        N/A       11%         2
 Dazzling Flash           Conj/Hex       18%        N/A       22%         3


Dungeon Overview and Level Annotations

Branches:
Dungeon (1/15)

Altars:


Innate Abilities, Weirdness & Mutations

Your natural rate of healing is accelerated.
You have razor-sharp teeth.
You have supernaturally acute eyesight. (SInv)
You are afflicted with vampirism.


Message History

Found 8 stones.
Found a stone staircase leading down.
You now have 27 gold pieces (gained 14).
You now have 36 gold pieces (gained 9).
You now have 45 gold pieces (gained 9).
A goblin comes into view. It is wielding a +0 club.
A goblin is nearby!
A goblin is nearby!
A ball python comes into view.
A goblin comes into view. It is wielding a +1 dagger of venom.
You miss the goblin. Your bite misses the goblin.
The goblin hits you but does no damage. The goblin attacks as you move away!
The goblin hits you but does no damage.
You closely miss the goblin. The goblin hits you with a +0 club.
You hit the goblin.
You kill the goblin!
You see here a +0 club.
You see here a +0 club.
You start waiting.
Done waiting.
You see here a +0 club.
The ball python hisses angrily.
The goblin shouts!
The ball python misses you. The ball python barely misses you.
The ball python misses you. The ball python barely misses you.
You hit the ball python but do no damage.
The ball python bites you but does no damage.
The ball python barely misses you.
You closely miss the ball python. The ball python bites you.
The ball python grabs you. The ball python constricts you.
You hit the ball python.
You kill the ball python!
The goblin attacks as you move away!
The goblin hits you with a +1 dagger of venom.
You are poisoned.
You feel very sick.
You feel sick.
You miss the goblin.
You feel sick.
The goblin hits you with a +1 dagger of venom.
* * * LOW HITPOINT WARNING * * *
You are more poisoned.
You completely miss the goblin.
You die...

##..#..# ###.#
#..###.#
###.####### #+##
#.# #........># #.#
#.........#
#.###.........#
#..##.........#
#.............#
#####)###.........#
######..g@.#
#.....(...#
.........####
#.........#
####.......#
#.........#
#.......#
#.........#
#.......#
###########
#.......#
.........#
###.......#
#.......#


You could see a goblin.

Vanquished Creatures
  2 ball pythons (D:1)
  A goblin (D:1)
  2 kobolds (D:1)
5 creatures vanquished.

Notes
Turn   | Place    | Note
-------+----------+-------------------------------------------
     0 | D:1      | cdecastro the Vampire Enchanter began the quest for the
                  | Orb.
     0 | D:1      | Reached XP level 1. HP: 13/13 MP: 3/3
   229 | D:1      | Succumbed to a goblin's poison

Illustrated notes

Levels and vault maps discovered:
D:1:      elethiomel_arrival_fortress_basement, layout_rooms

Action                     || total
---------------------------++-------
  Melee: Dagger            ||    17
         Bite              ||     1
 Armour: Robe              ||     6
  Dodge: Dodged            ||    10
